Map: Romanticidio LE

Players

Rictal

  • Race: Zerg Zerg
  • League: Diamond
  • Spawn Location: 5:00

MacroAclicK - Winner!

  • Race: Terran Terran
  • League: Master
  • Spawn Location: 11:00

VOD

Have the link to the VOD?

Description

Time

  • Played on: Feb. 26, 2021, 11:07 a.m.
  • Length: 20:42
Show
View Real Time Build Order
Export as new Build Order

Rictal Zerg 

Build Orders: Hatch First, Lurkers 

Get SALT Encoding   

  12  0:00  Drone  
  13  0:12  Overlord  
  13  0:16  Drone  
  14  0:31  Drone x2  
  14  0:35  Drone  
  17  0:53  Hatchery  
  17  0:55  Drone  
  17  0:58  Drone  
  18  1:09  Extractor  
  17  1:15  Drone, Spawning Pool  
  17  1:19  Drone  
  18  1:29  Drone  
  18  1:40  Drone  
  19  1:51  Overlord  
  19  2:05  Drone  
  20  2:09  Queen  
  20  2:10  Queen  
  20  2:12  Zergling x4  
  26  2:17  Drone  
  26  2:18  Metabolic Boost  
  26  2:22  Drone  
  28  2:35  Extractor  
  27  2:42  Drone x3  
  30  2:52  Hatchery  
  29  2:59  Overlord  
  29  3:00  Drone x3  
  32  3:07  Queen  
  34  3:18  Queen  
  34  3:19  Overlord  
  35  3:20  Drone  
  36  3:29  Drone x4  
  40  3:38  Drone  
  40  3:39  Drone x2  
  43  3:45  Baneling Nest  
  43  3:47  Drone x2  
  44  4:00  Overlord  
  44  4:03  Queen x2  
  44  4:08  Evolution Chamber  
  44  4:09  Evolution Chamber  
  46  4:13  Queen  
  46  4:16  Zergling x4  
  50  4:18  Zergling x2  
  50  4:20  Zergling x4  
  50  4:21  Zergling x2  
  54  4:25  Drone  
  54  4:26  Drone x2  
  54  4:27  Drone  
  54  4:30  Overlord  
  58  4:39  Lair  
  58  4:51  Overlord x2  
  58  4:58  Overlord x2  
  58  5:08  Overlord  
  58  5:09  Drone x4, Queen  
  58  5:10  Drone  
  58  5:11  Drone  
  58  5:12  Drone  
  67  5:14  Drone  
  63  5:32  Zergling x2  
  63  5:33  Zergling x16  
  71  5:38  Drone, Pneumatized Carapace  
  71  5:39  Drone  
  71  5:41  Spore Crawler  
  72  5:44  Queen  
  72  5:48  Spore Crawler  
  73  5:53  Drone x5  
  73  5:56  Extractor  
  77  5:57  Spore Crawler  
  77  5:58  Queen  
  77  5:59  Extractor  
  77  6:01  Baneling x4  
  77  6:03  Drone x2  
  79  6:05  Drone  
  79  6:10  Drone x3  
  83  6:19  Drone x6  
  83  6:21  Drone  
  83  6:24  Overlord  
  90  6:26  Extractor  
  90  6:27  Extractor  
  90  6:29  Baneling x3  
  90  6:30  Drone x3  
  91  6:40  Centrifical Hooks  
  91  6:42  Drone x3  
  94  6:56  Drone x7  
  94  7:00  Zerg Melee Weapons Level 1  
  94  7:01  Overseer  
  101  7:04  Hatchery  
  101  7:08  Zergling x6  
  101  7:14  Extractor  
  102  7:17  Extractor  
  102  7:18  Zergling x2  
  102  7:19  Zergling x4  
  104  7:34  Overlord x4  
  104  7:41  Drone  
  104  7:42  Drone, Hydralisk Den  
  104  7:44  Drone, Infestation Pit  
  104  7:48  Overlord  
  104  7:49  Overlord  
  105  7:52  Queen x2  
  110  7:58  Zergling x2  
  110  7:59  Zergling x12  
  116  8:08  Zergling x2  
  116  8:11  Hydralisk, Muscular Augments  
  116  8:12  Hydralisk  
  121  8:15  Drone  
  121  8:16  Queen  
  124  8:23  Hydralisk x8  
  140  8:27  Drone x2  
  142  8:35  Hive  
  142  8:40  Spore Crawler  
  141  8:41  Spine Crawler  
  141  8:45  Spine Crawler, Drone x6  
  141  8:48  Zergling x4  
  147  8:49  Zergling x2  
  147  8:50  Zergling x2  
  147  8:51  Zergling x2  
  147  8:52  Zergling x2  
  151  8:57  Zerg Melee Weapons Level 2  
  151  9:03  Extractor, Spore Crawler  
  151  9:04  Zerg Ground Armor Level 1  
  151  9:05  Zergling x2  
  151  9:06  Zergling x12  
  156  9:14  Drone x4  
  156  9:16  Overlord x2  
  160  9:23  Grooved Spines  
  160  9:26  Overlord  
  160  9:27  Overlord  
  160  9:35  Zergling x2  
  160  9:36  Zergling x16  
  160  9:37  Zergling x2  
  170  9:41  Baneling  
  170  9:42  Baneling x8  
  170  9:43  Baneling x2  
  170  9:44  Baneling x2  
  170  9:45  Baneling x2  
  170  9:46  Baneling x2  
  170  9:47  Baneling x2  
  170  9:48  Baneling x2  
  170  9:53  Adrenal Glands  
  170  9:54  Hatchery  
  170  9:56  Zergling x6  
  170  9:57  Zergling x2  
  173  10:01  Lurker Den  
  172  10:09  Extractor  
  172  10:13  Zergling x12  
  172  10:14  Zergling x16  
  181  10:38  Hydralisk x5  
  181  10:41  Overlord x3  
  191  10:44  Hatchery  
  190  10:52  Overlord x2  
  190  10:55  Baneling x4  
  190  10:56  Baneling x5  
  190  11:00  Lurker x5  
  190  11:01  Lurker x5  
  200  11:05  Seismic Spines  
  180  11:35  Drone x4  
  180  11:36  Drone x21  
  177  11:53  Zergling x2  
  177  11:54  Zergling x30  
  170  12:01  Zergling x4  
  175  12:02  Adaptive Talons  
  175  12:12  Zerg Melee Weapons Level 3  
  175  12:13  Zerg Ground Armor Level 2  
  175  12:17  Zergling x2, Hydralisk x5  
  175  12:18  Hydralisk x3  
  175  12:19  Evolution Chamber  
  191  12:26  Roach Warren  
  191  12:29  Extractor, Queen  
  189  12:30  Zergling x2  
  189  12:31  Zergling x14  
  189  12:32  Zergling x2  
  189  12:35  Baneling  
  189  12:36  Baneling x20  
  200  12:37  Baneling x2  
  194  13:08  Zergling x4  
  194  13:09  Zergling x40  
  185  13:24  Hydralisk x2  
  185  13:25  Hydralisk x5  
  199  13:31  Baneling x5  
  199  13:32  Baneling x3  
  199  13:33  Overlord  
  199  13:44  Zergling x2  
  199  13:48  Baneling x5  
  200  13:49  Baneling x5  
  198  14:13  Zergling x2  
  198  14:14  Zergling x4  
  200  14:17  Hatchery  
  200  14:18  Hatchery  
  151  14:32  Zergling x4  
  151  14:33  Zergling x54  
  180  14:46  Zerg Missile Weapons Level 1  
  180  14:47  Zerg Ground Armor Level 3  
  180  14:54  Hydralisk  
  180  14:58  Viper x3, Hydralisk  
  180  14:59  Viper x2  
  199  15:10  Zergling x2  
  200  15:21  Hydralisk x11  
  199  15:35  Baneling x2  
  199  15:36  Baneling x8  
  199  15:37  Baneling x3  
  199  15:38  Zergling x2  
  191  16:00  Zergling x2  
  191  16:01  Zergling x46  
  191  16:02  Zergling x18  
  185  16:05  Hydralisk x2  
  170  16:14  Hydralisk x2  
  170  16:15  Hydralisk x4  
  182  16:21  Lurker x5  
  182  16:22  Lurker  
  182  16:23  Zergling x2  
  182  16:24  Zergling x16  
  197  16:36  Roach  
  197  16:39  Zergling x2  
  183  17:08  Roach x8  
  167  17:09  Roach x13  
  167  17:10  Roach x2  
  169  17:27  Roach  
  169  17:28  Roach x14  
  199  17:38  Zergling x2  
  200  17:49  Extractor  
  199  17:51  Extractor  
  199  17:53  Zerg Missile Weapons Level 2  
  199  17:55  Roach  
  200  18:40  Zergling x14  
  200  18:51  Tunneling Claws  
  196  19:08  Zergling x12  
  196  19:09  Zergling x50  
  184  19:10  Zergling x14  
  184  19:15  Queen  
  170  19:19  Hydralisk x12  
  170  19:20  Hydralisk x3  
  199  19:34  Baneling  
  199  19:35  Baneling x14  
  199  19:36  Baneling x26  
  199  19:37  Baneling x22  
  199  19:38  Zergling x2  
  200  20:01  Spire  
  200  20:02  Spire  
  191  20:14  Zergling x2  
  191  20:15  Zergling x14  
Show
View Real Time Build Order
Export as new Build Order

MacroAclicK Terran - Winner!

Build Orders: Mech 

Get SALT Encoding   

  12  0:00  SCV  
  13  0:12  SCV  
  14  0:17  Supply Depot  
  14  0:24  SCV  
  15  0:38  SCV  
  16  0:43  Barracks  
  16  0:46  Refinery  
  16  0:50  SCV  
  17  1:03  SCV  
  18  1:15  SCV  
  21  1:32  Reaper  
  21  1:34  Orbital Command  
  20  1:44  Command Center  
  20  1:55  Supply Depot  
  20  2:00  SCV  
  21  2:05  Barracks Reactor  
  21  2:12  SCV  
  22  2:23  Factory  
  22  2:24  SCV  
  23  2:36  SCV  
  24  2:44  Marine x2  
  24  2:47  Command Center  
  26  2:53  SCV  
  27  3:02  Marine x2, Orbital Command  
  29  3:06  SCV  
  30  3:18  SCV  
  31  3:20  Marine x2  
  31  3:22  Factory Tech Lab  
  31  3:23  Starport  
  33  3:28  Refinery  
  33  3:30  SCV  
  34  3:35  SCV  
  34  3:38  Marine x2  
  37  3:42  SCV  
  37  3:46  Widow Mine  
  37  3:47  SCV  
  41  3:54  SCV  
  42  3:56  Marine x2  
  42  3:59  SCV  
  45  4:04  Supply Depot, Orbital Command  
  45  4:06  Medivac  
  45  4:07  SCV  
  48  4:11  SCV  
  49  4:19  SCV  
  49  4:23  SCV, Refinery  
  51  4:24  Siege Tank, Refinery  
  51  4:28  Supply Depot  
  51  4:29  Marine x2  
  51  4:31  SCV x2  
  57  4:35  SCV  
  59  4:41  Viking  
  59  4:43  SCV x2  
  63  4:48  SCV  
  63  4:50  Supply Depot  
  63  4:52  Marine x2  
  66  4:55  SCV  
  66  4:56  SCV  
  68  5:00  SCV  
  68  5:02  Siege Tank  
  72  5:07  SCV  
  72  5:08  SCV  
  72  5:10  Marine x2  
  72  5:12  SCV  
  72  5:13  Supply Depot  
  77  5:14  Engineering Bay  
  77  5:19  Starport Reactor, SCV  
  77  5:20  SCV  
  78  5:24  SCV, Orbital Command  
  78  5:27  Marine x2  
  80  5:33  SCV  
  80  5:34  Siege Tank  
  84  5:36  SCV  
  84  5:42  Armory  
  85  5:45  SCV, Armory  
  85  5:48  SCV, Factory  
  87  5:51  SCV  
  87  5:55  Refinery  
  88  5:57  SCV  
  88  5:58  Refinery  
  88  6:00  SCV  
  88  6:02  Supply Depot x2  
  88  6:03  SCV  
  91  6:09  SCV  
  92  6:12  SCV  
  93  6:23  Medivac, SCV x2, Siege Tank  
  93  6:24  Medivac, Supply Depot, SCV  
  103  6:26  Supply Depot  
  103  6:31  Missile Turret x2  
  103  6:35  SCV x2, Missile Turret  
  103  6:36  SCV  
  106  6:41  Terran Vehicle Weapons Level 1, Terran Vehicle And Ship Armor Level 1  
  106  6:43  Missile Turret  
  106  6:47  SCV x2, Missile Turret  
  106  6:48  SCV  
  106  6:52  Supply Depot, Sensor Tower  
  109  6:55  Supply Depot, Marine, Siege Tank  
  109  6:57  Hellbat x2  
  117  7:02  SCV x3  
  120  7:10  Command Center  
  120  7:13  Missile Turret  
  120  7:14  SCV x3  
  123  7:21  Infernal Pre-Igniter  
  123  7:24  Medivac x2  
  123  7:27  Siege Tank  
  130  7:31  Factory  
  130  7:32  Factory  
  130  7:33  Factory  
  130  7:36  Hellbat  
  130  7:37  Hellbat  
  134  7:48  Command Center  
  134  7:53  Command Center  
  134  7:54  Medivac, Viking  
  134  7:55  Neosteel Armor  
  138  7:59  Hellbat  
  140  8:14  Command Center  
  140  8:16  Factory Tech Lab  
  140  8:17  Factory Tech Lab x2  
  140  8:18  Fusion Core  
  140  8:22  Hellbat x2  
  140  8:24  Viking  
  152  8:36  Command Center  
  152  8:42  Terran Vehicle And Ship Armor Level 2, Terran Vehicle Weapons Level 2  
  152  8:44  Viking  
  152  8:46  Hellbat x4  
  156  8:59  Refinery  
  156  9:00  Hellbat x2, Missile Turret  
  156  9:02  Missile Turret  
  160  9:03  Refinery  
  160  9:07  Hellbat x2  
  160  9:09  Planetary Fortress  
  164  9:12  Weapon Refit  
  164  9:20  Planetary Fortress  
  164  9:31  Thor  
  164  9:32  Thor  
  164  9:33  Hellbat  
  164  9:34  Hellbat x2  
  164  9:35  Hi-Sec Auto Tracking  
  182  9:43  Command Center  
  182  9:47  Planetary Fortress  
  182  9:56  Missile Turret  
  182  9:58  Sensor Tower  
  182  10:01  Missile Turret  
  182  10:05  Missile Turret  
  182  10:21  Siege Tank  
  182  10:22  Siege Tank x3  
  182  10:23  Hellbat x2  
  182  10:24  Viking  
  200  10:36  Command Center, Orbital Command  
  200  10:37  Command Center  
  200  10:54  Missile Turret  
  200  10:58  Terran Ship Weapons Level 1  
  200  11:00  Terran Vehicle Weapons Level 3  
  200  11:02  Orbital Command  
  200  11:29  Starport  
  200  11:30  Starport  
  198  11:32  Starport  
  198  11:45  Unknown  
  156  11:49  Siege Tank x2  
  156  11:50  Siege Tank x2  
  156  11:51  Hellbat x2  
  156  11:52  Planetary Fortress  
  163  12:03  Command Center  
  163  12:04  Command Center  
  163  12:08  Starport Tech Lab x3  
  163  12:12  Hellbat, Viking  
  163  12:13  Hellbat, Viking  
  171  12:21  Thor x3  
  171  12:22  Thor  
  195  12:36  Hellbat  
  195  12:37  Hellbat  
  199  12:48  Factory  
  199  12:50  Factory  
  199  12:52  Terran Vehicle And Ship Armor Level 3  
  199  13:10  Missile Turret  
  199  13:11  Missile Turret x3  
  199  13:12  Missile Turret  
  196  13:13  Missile Turret x2  
  196  13:15  Missile Turret  
  196  13:16  Missile Turret, Siege Tank x2  
  195  13:28  Planetary Fortress  
  195  13:29  Planetary Fortress  
  195  13:38  SCV x2  
  195  13:39  SCV  
  198  13:49  Missile Turret  
  198  13:51  Missile Turret  
  198  13:57  Planetary Fortress  
  198  14:02  Refinery  
  181  14:31  Hellbat x2  
  181  14:32  Hellbat x4  
  191  14:43  Planetary Fortress  
  191  14:45  Missile Turret  
  191  14:47  Missile Turret  
  191  14:51  Missile Turret  
  191  15:01  Terran Ship Weapons Level 2  
  191  15:35  Sensor Tower, Missile Turret  
  191  15:37  Missile Turret  
  191  15:40  Missile Turret  
  191  15:41  Thor  
  199  15:42  Hellbat  
  190  16:13  Missile Turret  
  190  16:15  Missile Turret  
  190  16:27  Command Center  
  190  16:28  Command Center  
  190  16:31  Battlecruiser  
  196  16:33  Hellbat  
  196  16:34  Hellbat  
  200  16:47  Refinery  
  200  16:52  Command Center  
  200  16:56  Refinery  
  200  17:12  Hellbat  
  199  17:42  Command Center, Terran Ship Weapons Level 3  
  199  17:43  Command Center  
  199  17:54  Command Center  
  199  17:56  Command Center  
  199  18:04  Planetary Fortress  
  199  18:08  Missile Turret  
  199  18:09  Missile Turret  
  199  18:10  Missile Turret  
  199  18:14  Sensor Tower  
  198  18:44  Planetary Fortress  
  198  18:59  Planetary Fortress  
  194  19:08  Siege Tank, Battlecruiser  
  194  19:09  Battlecruiser  
  199  19:50  Missile Turret  
  199  19:54  Missile Turret  
  199  19:55  Missile Turret  
  199  19:56  Missile Turret  
  199  19:57  Missile Turret  
  199  20:07  Refinery  
  199  20:08  Refinery  
Tags
 
Composition
LurkersMech
Matchup
TvZ
Spawn Locations
Cross Positions
Add a new tag
Caveats
  • Supply blocks, unpowered buildings, or Contaminate may cause inaccurate times.
  • Supply counts are checked every 10 seconds.